Sabres vs Oilers

Created - March 16 2007 at 19:34

Goals
1 2 3 T
Sabres 2 2 1 5
Oilers 0 2 0 2
Shots
1 2 3 T
Sabres 21 15 13 49
Oilers 11 12 4 27

Period #1

1. Sabres , Doug Weight 23 (Thomas Vanek, John-Michael Liles) at 14:15
2. Sabres , Daniel Briere 19 (Maxim Afinogenov) at 18:40

Penalities :
Toni Lydman (BUF) for Tripping (Minor) at 1:43

Period #2

3. Oilers , Jarret Stoll 14 (Ryan Smyth) at 5:58
4. Sabres , Tim Connolly 11 (Nathan Horton, Chris Drury) at 8:15
5. Oilers , Dick Tarnstrom 6 (Daniel Tjarnqvist, Shawn Horcoff) at 10:49
6. Sabres , Derek Roy 25 (John-Michael Liles, Teppo Numminen) at 11:36

Penalities :
Ethan Moreau (EDM) for Fighting (Major) at 2:45, Daniel Briere (BUF) for Fighting (Major) at 2:45, Ruslan Salei (EDM) for Interference (Minor) at 10:28, Thomas Vanek (BUF) for Elbowing (Minor) at 10:28, Brendan Witt (EDM) for Charging (Minor) at 13:37

Period #3

7. Sabres , Chris Drury 11 (Doug Weight, Dmitri Kalinin) at 17:44

Penalities :
Teppo Numminen (BUF) for Clipping (Minor) at 0:23, Steve Staios (EDM) for Diving (Minor) at 8:36, Maxim Afinogenov (BUF) for Tripping (Minor) at 11:51

Goalie Stats

Ryan Miller (BUF), 25 saves from 27 shots - (0.926), W, 30-14-6, 60:00 minutes
Dwayne Roloson (EDM), 44 saves from 49 shots - (0.898), L, 22-26-4, 60:00 minutes

Players Stats

Sabres
Player Name              G  A  P  +/- PIM S  H  SB FO MP 
-----------------------------------------------------------
Brian Campbell           0  0  0   0  0   2  1  0  0  21 
Chris Drury              1  1  2   2  0   2  0  0  0  7  
Daniel Briere            1  0  1   1  5   8  0  0  20 17 
Derek Roy                1  0  1  -1  0   9  2  2  29 23 
Dmitri Kalinin           0  1  1   2  0   0  0  1  0  9  
Doug Weight              1  1  2   2  0   3  2  0  27 18 
Henrik Tallinder         0  0  0   1  0   1  0  1  0  18 
Jason Pominville         0  0  0   0  0   2  0  0  2  17 
Jochen Hecht             0  0  0   1  0   1  0  0  2  17 
John-Michael Liles       0  2  2   2  0   2  0  2  0  23 
Maxim Afinogenov         0  1  1   1  2   4  0  0  0  17 
Milan Hejduk             0  0  0  -1  0   2  0  0  0  21 
Nathan Horton            0  1  1   2  0   5  3  0  2  21 
Rob Blake                0  0  0   0  0   2  2  1  0  18 
Teppo Numminen           0  1  1   0  2   0  0  0  0  18 
Thomas Vanek             0  1  1   1  2   1  1  1  2  15 
Tim Connolly             1  0  1   2  0   5  0  2  17 9  
Toni Lydman              0  0  0   1  2   0  1  3  0  17 
Oilers
Player Name              G  A  P  +/- PIM S  H  SB FO MP 
-----------------------------------------------------------
Ales Hemsky              0  0  0  -1  0   2  0  0  1  18 
Brendan Witt             0  0  0  -2  2   3  0  1  0  21 
Daniel Tjarnqvist        0  1  1   0  0   0  0  4  0  17 
Dick Tarnstrom           1  0  1   1  0   1  0  0  0  17 
Ethan Moreau             0  0  0  -2  5   1  1  2  13 18 
Fernando Pisani          0  0  0  -1  0   1  0  0  3  13 
Jarret Stoll             1  0  1  -1  0   4  0  0  29 23 
Keith Tkachuk            0  0  0  -1  0   3  1  0  3  18 
Marty Reasoner           0  0  0  -2  0   0  0  2  18 11 
Mike Sillinger           0  0  0  -2  0   3  0  0  3  11 
Nicklas Lidstrom         0  0  0  -2  0   0  1  2  0  25 
Petr Sykora              0  0  0   0  0   1  0  0  0  9  
Raffi Torres             0  0  0   0  0   0  0  0  3  11 
Ruslan Salei             0  0  0   0  2   1  1  1  0  21 
Ryan Johnson             0  0  0   1  0   0  0  0  1  9  
Ryan Smyth               0  1  1  -1  0   2  1  1  1  20 
Shawn Horcoff            0  1  1   0  0   5  2  0  26 20 
Steve Staios             0  0  0  -3  2   0  1  3  0  24 

3 Stars

1 - Doug Weight (BUF)
2 - Chris Drury (BUF)
3 - John-Michael Liles (BUF)

Power Play

Sabres - 0 on 2 Attempt(s) - 0.00%
Oilers - 0 on 3 Attempt(s) - 0.00%

Penalty Kill

Sabres - 3 on 3 Attempt(s) - 100.00% - Score 0 goal in Penalty Kill
Oilers - 2 on 2 Attempt(s) - 100.00% - Score 0 goal in Penalty Kill

Game Notes

Daniel Briere beats up Ethan Moreau at 2:45 of 2nd period

Finance

Level 1 -- Attendance: 3090 (61.80%) -- Ticket Income $309,000.00
Level 2 -- Attendance: 4240 (99.76%) -- Ticket Income $190,800.00
Level 3 -- Attendance: 1867 (87.28%) -- Ticket Income $56,010.00
Level 4 -- Attendance: 3842 (96.04%) -- Ticket Income $76,840.00
Luxury Box -- Attendance: 656 (65.60%) -- Ticket Income $131,200.00
Game was played at the Rexall Place
Total Attendance: 13695 (83.56%)
Total Ticket Income: $781,146.60
Other Income: $115,430.20
Total Income: $896,577.00


Play by Play

Period #1

0:01 of 1st period - Shawn Horcoff wins face-off versus Doug Weight in neutral zone.
0:26 of 1st period - Shot by Shawn Horcoff.
0:26 of 1st period - Shot Misses the Net.
0:41 of 1st period - Shot by Thomas Vanek.
0:41 of 1st period - Shot Misses the Net.
0:42 of 1st period - Shot by John-Michael Liles.
0:42 of 1st period - Stopped by Dwayne Roloson without a rebound.
0:43 of 1st period - Jarret Stoll wins face-off versus Derek Roy in Oilers zone.
1:20 of 1st period - Shot by Keith Tkachuk.
1:20 of 1st period - Stopped by Ryan Miller without a rebound.
1:21 of 1st period - Mike Sillinger wins face-off versus Daniel Briere in Sabres zone.
1:29 of 1st period - Icing by Jochen Hecht.
1:30 of 1st period - Daniel Briere wins face-off versus Ethan Moreau in Sabres zone.
1:40 of 1st period - Raffi Torres is hit by Toni Lydman and loses puck.
1:43 of 1st period - Minor Penalty to Toni Lydman for Tripping.
1:44 of 1st period - Derek Roy wins face-off versus Shawn Horcoff in Sabres zone.
2:11 of 1st period - Shot by Ryan Smyth.
2:11 of 1st period - Stopped by Ryan Miller without a rebound.
2:12 of 1st period - Jarret Stoll wins face-off versus Derek Roy in Sabres zone.
3:52 of 1st period - Icing by Steve Staios.
3:53 of 1st period - Marty Reasoner wins face-off versus Doug Weight in Oilers zone.
4:13 of 1st period - Icing by Steve Staios.
4:14 of 1st period - Marty Reasoner wins face-off versus Derek Roy in Oilers zone.
4:23 of 1st period - Shot by Derek Roy.
4:23 of 1st period - Stopped by Dwayne Roloson with a rebound.
4:40 of 1st period - Shot by Derek Roy.
4:40 of 1st period - Shot Misses the Net.
5:06 of 1st period - Ales Hemsky is hit by Derek Roy and loses puck.
6:00 of 1st period - Shot by Maxim Afinogenov.
6:00 of 1st period - Shot Misses the Net.
6:01 of 1st period - Shot by Jochen Hecht.
6:01 of 1st period - Shot Misses the Net.
6:04 of 1st period - Shot by Henrik Tallinder.
6:04 of 1st period - Stopped by Dwayne Roloson without a rebound.
6:05 of 1st period - Ethan Moreau wins face-off versus Doug Weight in Oilers zone.
6:28 of 1st period - Shot by Doug Weight.
6:28 of 1st period - Shot Blocked by Ruslan Salei.
6:37 of 1st period - Shot by Nathan Horton.
6:37 of 1st period - Stopped by Dwayne Roloson without a rebound.
6:38 of 1st period - Nathan Horton wins face-off versus Shawn Horcoff in Oilers zone.
6:39 of 1st period - Shot by Chris Drury.
6:39 of 1st period - Stopped by Dwayne Roloson without a rebound.
6:40 of 1st period - Daniel Briere wins face-off versus Jarret Stoll in Oilers zone.
8:19 of 1st period - Shot by Raffi Torres.
8:19 of 1st period - Shot Misses the Net.
8:35 of 1st period - Icing by Teppo Numminen.
8:36 of 1st period - Doug Weight wins face-off versus Jarret Stoll in Sabres zone.
8:43 of 1st period - Shot by Thomas Vanek.
8:43 of 1st period - Stopped by Dwayne Roloson without a rebound.
8:44 of 1st period - Derek Roy wins face-off versus Marty Reasoner in Oilers zone.
9:10 of 1st period - Marty Reasoner is hit by Rob Blake and loses puck.
9:18 of 1st period - Shot by Rob Blake.
9:18 of 1st period - Stopped by Dwayne Roloson without a rebound.
9:19 of 1st period - Tim Connolly wins face-off versus Jarret Stoll in Oilers zone.
9:36 of 1st period - Shot by Jarret Stoll.
9:36 of 1st period - Shot Misses the Net.
9:37 of 1st period - Shot by Brendan Witt.
9:37 of 1st period - Stopped by Ryan Miller with a rebound.
9:38 of 1st period - Shot by Brendan Witt.
9:38 of 1st period - Stopped by Ryan Miller without a rebound.
9:39 of 1st period - Ethan Moreau wins face-off versus Doug Weight in Sabres zone.
10:04 of 1st period - Shot by Doug Weight.
10:04 of 1st period - Shot Hit the Post.
10:07 of 1st period - Shot by Nathan Horton.
10:07 of 1st period - Stopped by Dwayne Roloson without a rebound.
10:08 of 1st period - Shawn Horcoff wins face-off versus Derek Roy in Oilers zone.
10:12 of 1st period - Icing by Fernando Pisani.
10:13 of 1st period - Shawn Horcoff wins face-off versus Derek Roy in Oilers zone.
10:37 of 1st period - Derek Roy is hit by Shawn Horcoff and loses puck.
10:51 of 1st period - Shot by Jason Pominville.
10:51 of 1st period - Shot Misses the Net.
10:54 of 1st period - Shot by Milan Hejduk.
10:54 of 1st period - Shot Misses the Net.
10:57 of 1st period - Shot by Milan Hejduk.
10:57 of 1st period - Stopped by Dwayne Roloson without a rebound.
10:58 of 1st period - Keith Tkachuk wins face-off versus Daniel Briere in Oilers zone.
11:23 of 1st period - Shot by Keith Tkachuk.
11:23 of 1st period - Shot Blocked by Toni Lydman.
11:28 of 1st period - Shot by Jarret Stoll.
11:28 of 1st period - Stopped by Ryan Miller without a rebound.
11:29 of 1st period - Marty Reasoner wins face-off versus Doug Weight in Sabres zone.
11:30 of 1st period - Shot by Mike Sillinger.
11:30 of 1st period - Shot Blocked by John-Michael Liles.
11:45 of 1st period - Shot by Doug Weight.
11:45 of 1st period - Stopped by Dwayne Roloson without a rebound.
11:46 of 1st period - Tim Connolly wins face-off versus Ethan Moreau in Oilers zone.
11:54 of 1st period - Icing by Dick Tarnstrom.
11:55 of 1st period - Derek Roy wins face-off versus Ethan Moreau in Oilers zone.
12:10 of 1st period - Shot by Derek Roy.
12:10 of 1st period - Stopped by Dwayne Roloson without a rebound.
12:11 of 1st period - Daniel Briere wins face-off versus Jarret Stoll in Oilers zone.
12:16 of 1st period - Shot by Daniel Briere.
12:16 of 1st period - Stopped by Dwayne Roloson without a rebound.
12:17 of 1st period - Jarret Stoll wins face-off versus Doug Weight in Oilers zone.
12:50 of 1st period - Shot by Ales Hemsky.
12:50 of 1st period - Stopped by Ryan Miller without a rebound.
12:51 of 1st period - Shawn Horcoff wins face-off versus Derek Roy in Sabres zone.
13:06 of 1st period - Shot by Ryan Smyth.
13:06 of 1st period - Stopped by Ryan Miller with a rebound.
13:07 of 1st period - Shot by Ruslan Salei.
13:07 of 1st period - Stopped by Ryan Miller without a rebound.
13:08 of 1st period - Daniel Briere wins face-off versus Mike Sillinger in Sabres zone.
13:15 of 1st period - Shot by Daniel Briere.
13:15 of 1st period - Stopped by Dwayne Roloson without a rebound.
13:16 of 1st period - Daniel Briere wins face-off versus Ethan Moreau in Oilers zone.
13:49 of 1st period - Shot by Petr Sykora.
13:49 of 1st period - Stopped by Ryan Miller without a rebound.
13:50 of 1st period - Jarret Stoll wins face-off versus Doug Weight in Sabres zone.
13:50 of 1st period - Ales Hemsky is hit by Nathan Horton and loses puck.
14:06 of 1st period - Shot by Thomas Vanek.
14:06 of 1st period - Shot Misses the Net.
14:15 of 1st period - Shot by Doug Weight.
14:15 of 1st period - Goal by Doug Weight - Sabres : 1 - Oilers : 0.
14:16 of 1st period - Shawn Horcoff wins face-off versus Derek Roy in neutral zone.
14:16 of 1st period - Ryan Smyth is hit by Brian Campbell and loses puck.
14:29 of 1st period - Off-side.
14:30 of 1st period - Tim Connolly wins face-off versus Marty Reasoner in neutral zone.
14:47 of 1st period - Shot by Mike Sillinger.
14:47 of 1st period - Stopped by Ryan Miller without a rebound.
14:48 of 1st period - Jarret Stoll wins face-off versus Derek Roy in Sabres zone.
15:11 of 1st period - Shot by Derek Roy.
15:11 of 1st period - Stopped by Dwayne Roloson with a rebound.
15:26 of 1st period - Shot by Rob Blake.
15:26 of 1st period - Stopped by Dwayne Roloson with a rebound.
15:27 of 1st period - Shot by Brian Campbell.
15:27 of 1st period - Shot Misses the Net.
15:28 of 1st period - Shot by Rob Blake.
15:28 of 1st period - Stopped by Dwayne Roloson with a rebound.
15:43 of 1st period - Shot by Jochen Hecht.
15:43 of 1st period - Shot Blocked by Brendan Witt.
15:46 of 1st period - Shot by Maxim Afinogenov.
15:46 of 1st period - Stopped by Dwayne Roloson without a rebound.
15:47 of 1st period - Shawn Horcoff wins face-off versus Doug Weight in Oilers zone.
15:52 of 1st period - Shot by Ryan Smyth.
15:52 of 1st period - Shot Blocked by John-Michael Liles.
16:30 of 1st period - Icing by John-Michael Liles.
16:31 of 1st period - Marty Reasoner wins face-off versus Doug Weight in Sabres zone.
17:16 of 1st period - Shot by Ethan Moreau.
17:16 of 1st period - Stopped by Ryan Miller without a rebound.
17:17 of 1st period - Ethan Moreau wins face-off versus Derek Roy in Sabres zone.
17:44 of 1st period - Shot by Jason Pominville.
17:44 of 1st period - Shot Misses the Net.
17:45 of 1st period - Shot by Derek Roy.
17:45 of 1st period - Shot Blocked by Steve Staios.
17:50 of 1st period - Shot by Derek Roy.
17:50 of 1st period - Stopped by Dwayne Roloson without a rebound.
17:51 of 1st period - Jarret Stoll wins face-off versus Tim Connolly in Oilers zone.
18:03 of 1st period - Icing by Nathan Horton.
18:04 of 1st period - Shawn Horcoff wins face-off versus Tim Connolly in Sabres zone.
18:26 of 1st period - Icing by Ryan Smyth.
18:27 of 1st period - Daniel Briere wins face-off versus Shawn Horcoff in Oilers zone.
18:40 of 1st period - Shot by Daniel Briere.
18:40 of 1st period - Goal by Daniel Briere - Sabres : 2 - Oilers : 0.
18:41 of 1st period - Jarret Stoll wins face-off versus Derek Roy in neutral zone.
19:02 of 1st period - Shot by Derek Roy.
19:02 of 1st period - Shot Misses the Net.
19:03 of 1st period - Shot by Brian Campbell.
19:03 of 1st period - Stopped by Dwayne Roloson without a rebound.
19:04 of 1st period - Daniel Briere wins face-off versus Marty Reasoner in Oilers zone.
19:29 of 1st period - Shot by Mike Sillinger.
19:29 of 1st period - Shot Blocked by Toni Lydman.
19:32 of 1st period - Shot by Marty Reasoner.
19:32 of 1st period - Shot Blocked by Henrik Tallinder.
19:35 of 1st period - Shot by Mike Sillinger.
19:35 of 1st period - Shot Misses the Net.
19:38 of 1st period - Shot by Ethan Moreau.
19:38 of 1st period - Shot Misses the Net.
19:51 of 1st period - Shot by Ryan Smyth.
19:51 of 1st period - Shot Misses the Net.
19:52 of 1st period - Shot by Fernando Pisani.
19:52 of 1st period - Shot Blocked by Toni Lydman.

Period #2

0:01 of 2nd period - Doug Weight wins face-off versus Shawn Horcoff in neutral zone.
0:10 of 2nd period - Shot by Shawn Horcoff.
0:10 of 2nd period - Stopped by Ryan Miller without a rebound.
0:11 of 2nd period - Jarret Stoll wins face-off versus Derek Roy in Sabres zone.
0:12 of 2nd period - Shot by Ales Hemsky.
0:12 of 2nd period - Shot Blocked by Derek Roy.
0:13 of 2nd period - Shot by Brendan Witt.
0:13 of 2nd period - Stopped by Ryan Miller without a rebound.
0:14 of 2nd period - Derek Roy wins face-off versus Jarret Stoll in Sabres zone.
0:43 of 2nd period - Shot by Milan Hejduk.
0:43 of 2nd period - Shot Blocked by Nicklas Lidstrom.
0:52 of 2nd period - Shot by Keith Tkachuk.
0:52 of 2nd period - Shot Misses the Net.
0:53 of 2nd period - Shot by Keith Tkachuk.
0:53 of 2nd period - Stopped by Ryan Miller with a rebound.
1:19 of 2nd period - Keith Tkachuk is hit by Nathan Horton and loses puck.
1:45 of 2nd period - Shot by Nathan Horton.
1:45 of 2nd period - Stopped by Dwayne Roloson with a rebound.
2:09 of 2nd period - Icing by Teppo Numminen.
2:10 of 2nd period - Marty Reasoner wins face-off versus Doug Weight in Sabres zone.
2:10 of 2nd period - Mike Sillinger is hit by Doug Weight and loses puck.
2:45 of 2nd period - Daniel Briere beats up Ethan Moreau.
2:45 of 2nd period - Penalty to Ethan Moreau for Fighting.
2:45 of 2nd period - Penalty to Daniel Briere for Fighting.
2:46 of 2nd period - Derek Roy wins face-off versus Shawn Horcoff in neutral zone.
2:53 of 2nd period - Shot by Derek Roy.
2:53 of 2nd period - Shot Misses the Net.
3:04 of 2nd period - Shot by Shawn Horcoff.
3:04 of 2nd period - Stopped by Ryan Miller without a rebound.
3:05 of 2nd period - Jarret Stoll wins face-off versus Derek Roy in Sabres zone.
3:14 of 2nd period - Shot by Jarret Stoll.
3:14 of 2nd period - Stopped by Ryan Miller without a rebound.
3:15 of 2nd period - Jarret Stoll wins face-off versus Doug Weight in Sabres zone.
4:52 of 2nd period - Shot by Jarret Stoll.
4:52 of 2nd period - Shot Blocked by Rob Blake.
4:57 of 2nd period - Shot by Derek Roy.
4:57 of 2nd period - Shot Misses the Net.
5:00 of 2nd period - Shot by Milan Hejduk.
5:00 of 2nd period - Shot Misses the Net.
5:01 of 2nd period - Shot by Derek Roy.
5:01 of 2nd period - Shot Blocked by Ryan Smyth.
5:06 of 2nd period - Shot by Derek Roy.
5:06 of 2nd period - Shot Misses the Net.
5:07 of 2nd period - Shot by Toni Lydman.
5:07 of 2nd period - Stopped by Dwayne Roloson without a rebound.
5:08 of 2nd period - Shawn Horcoff wins face-off versus Tim Connolly in Oilers zone.
5:10 of 2nd period - Icing by Nicklas Lidstrom.
5:11 of 2nd period - Tim Connolly wins face-off versus Shawn Horcoff in Oilers zone.
5:58 of 2nd period - Shot by Jarret Stoll.
5:58 of 2nd period - Goal by Jarret Stoll - Sabres : 2 - Oilers : 1.
5:59 of 2nd period - Derek Roy wins face-off versus Fernando Pisani in neutral zone.
6:02 of 2nd period - Shot by John-Michael Liles.
6:02 of 2nd period - Stopped by Dwayne Roloson without a rebound.
6:03 of 2nd period - Doug Weight wins face-off versus Shawn Horcoff in Oilers zone.
6:10 of 2nd period - Shot by Doug Weight.
6:10 of 2nd period - Shot Misses the Net.
6:12 of 2nd period - Icing by Dick Tarnstrom.
6:13 of 2nd period - Derek Roy wins face-off versus Shawn Horcoff in Oilers zone.
6:24 of 2nd period - Shot by Shawn Horcoff.
6:24 of 2nd period - Shot Misses the Net.
6:29 of 2nd period - Shot by Shawn Horcoff.
6:29 of 2nd period - Stopped by Ryan Miller without a rebound.
6:30 of 2nd period - Jarret Stoll wins face-off versus Doug Weight in Sabres zone.
6:51 of 2nd period - Shot by Jarret Stoll.
6:51 of 2nd period - Shot Misses the Net.
6:56 of 2nd period - Shot by Ryan Smyth.
6:56 of 2nd period - Shot Misses the Net.
6:57 of 2nd period - Shot by Ruslan Salei.
6:57 of 2nd period - Shot Blocked by Thomas Vanek.
8:04 of 2nd period - Shot by Jochen Hecht.
8:04 of 2nd period - Stopped by Dwayne Roloson without a rebound.
8:05 of 2nd period - Tim Connolly wins face-off versus Marty Reasoner in Oilers zone.
8:14 of 2nd period - Shot by Nathan Horton.
8:14 of 2nd period - Stopped by Dwayne Roloson with a rebound.
8:15 of 2nd period - Shot by Tim Connolly.
8:15 of 2nd period - Goal by Tim Connolly - Sabres : 3 - Oilers : 1.
8:16 of 2nd period - Daniel Briere wins face-off versus Ethan Moreau in neutral zone.
8:25 of 2nd period - Shot by Daniel Briere.
8:25 of 2nd period - Stopped by Dwayne Roloson without a rebound.
8:26 of 2nd period - Marty Reasoner wins face-off versus Tim Connolly in Oilers zone.
8:32 of 2nd period - Off-side.
8:33 of 2nd period - Jarret Stoll wins face-off versus Jochen Hecht in neutral zone.
8:38 of 2nd period - Shot by Jarret Stoll.
8:38 of 2nd period - Stopped by Ryan Miller without a rebound.
8:39 of 2nd period - Daniel Briere wins face-off versus Ethan Moreau in Sabres zone.
8:46 of 2nd period - Shot by Daniel Briere.
8:46 of 2nd period - Stopped by Dwayne Roloson with a rebound.
9:48 of 2nd period - Icing by Brendan Witt.
9:49 of 2nd period - Jarret Stoll wins face-off versus Thomas Vanek in Oilers zone.
9:55 of 2nd period - Nicklas Lidstrom is hit by Thomas Vanek and loses puck.
10:28 of 2nd period - Minor Penalty to Ruslan Salei for Interference.
10:28 of 2nd period - Minor Penalty to Thomas Vanek for Elbowing.
10:29 of 2nd period - Derek Roy wins face-off versus Shawn Horcoff in Sabres zone.
10:33 of 2nd period - Icing by John-Michael Liles.
10:34 of 2nd period - Shawn Horcoff wins face-off versus Derek Roy in Sabres zone.
10:43 of 2nd period - Shot by Ryan Johnson.
10:43 of 2nd period - Shot Hit the Post.
10:46 of 2nd period - Shot by Shawn Horcoff.
10:46 of 2nd period - Shot Misses the Net.
10:49 of 2nd period - Shot by Dick Tarnstrom.
10:49 of 2nd period - Goal by Dick Tarnstrom - Sabres : 3 - Oilers : 2.
10:50 of 2nd period - Fernando Pisani wins face-off versus Doug Weight in neutral zone.
10:57 of 2nd period - Shot by Fernando Pisani.
10:57 of 2nd period - Stopped by Ryan Miller without a rebound.
10:58 of 2nd period - Doug Weight wins face-off versus Shawn Horcoff in Sabres zone.
11:15 of 2nd period - Shot by Doug Weight.
11:15 of 2nd period - Stopped by Dwayne Roloson with a rebound.
11:16 of 2nd period - Shot by Brian Campbell.
11:16 of 2nd period - Stopped by Dwayne Roloson without a rebound.
11:17 of 2nd period - Jarret Stoll wins face-off versus Derek Roy in Oilers zone.
11:36 of 2nd period - Shot by Derek Roy.
11:36 of 2nd period - Goal by Derek Roy - Sabres : 4 - Oilers : 2.
11:37 of 2nd period - Shawn Horcoff wins face-off versus Doug Weight in neutral zone.
12:36 of 2nd period - Shot by Ethan Moreau.
12:36 of 2nd period - Stopped by Ryan Miller without a rebound.
12:37 of 2nd period - Marty Reasoner wins face-off versus Jochen Hecht in Sabres zone.
12:46 of 2nd period - Shot by Mike Sillinger.
12:46 of 2nd period - Stopped by Ryan Miller without a rebound.
12:47 of 2nd period - Ryan Smyth wins face-off versus Jason Pominville in Sabres zone.
13:37 of 2nd period - Minor Penalty to Brendan Witt for Charging.
13:38 of 2nd period - Doug Weight wins face-off versus Jarret Stoll in Sabres zone.
13:43 of 2nd period - Shot by Nathan Horton.
13:43 of 2nd period - Shot Blocked by Daniel Tjarnqvist.
13:57 of 2nd period - Icing by Doug Weight.
13:58 of 2nd period - Raffi Torres wins face-off versus Doug Weight in Sabres zone.
14:38 of 2nd period - Icing by Thomas Vanek.
14:39 of 2nd period - Raffi Torres wins face-off versus Thomas Vanek in Sabres zone.
15:39 of 2nd period - Icing by Nicklas Lidstrom.
15:40 of 2nd period - Marty Reasoner wins face-off versus Tim Connolly in Oilers zone.
16:09 of 2nd period - Shot by Tim Connolly.
16:09 of 2nd period - Stopped by Dwayne Roloson without a rebound.
16:10 of 2nd period - Daniel Briere wins face-off versus Jarret Stoll in Oilers zone.
16:33 of 2nd period - Shot by Maxim Afinogenov.
16:33 of 2nd period - Stopped by Dwayne Roloson without a rebound.
16:34 of 2nd period - Ethan Moreau wins face-off versus Jason Pominville in Oilers zone.
16:44 of 2nd period - Icing by Brian Campbell.
16:45 of 2nd period - Marty Reasoner wins face-off versus Derek Roy in Sabres zone.
16:45 of 2nd period - Mike Sillinger is hit by Derek Roy and loses puck.
17:06 of 2nd period - Icing by Steve Staios.
17:07 of 2nd period - Tim Connolly wins face-off versus Marty Reasoner in Oilers zone.
17:12 of 2nd period - Shot by Tim Connolly.
17:12 of 2nd period - Stopped by Dwayne Roloson without a rebound.
17:13 of 2nd period - Daniel Briere wins face-off versus Jarret Stoll in Oilers zone.
17:24 of 2nd period - Shot by Daniel Briere.
17:24 of 2nd period - Shot Misses the Net.
17:25 of 2nd period - Shot by Toni Lydman.
17:25 of 2nd period - Shot Blocked by Nicklas Lidstrom.
17:29 of 2nd period - Icing by Brendan Witt.
17:30 of 2nd period - Jarret Stoll wins face-off versus Doug Weight in Oilers zone.
17:38 of 2nd period - Doug Weight is hit by Keith Tkachuk and loses puck.
17:44 of 2nd period - Shot by Nathan Horton.
17:44 of 2nd period - Stopped by Dwayne Roloson with a rebound.
19:22 of 2nd period - Daniel Briere is hit by Ryan Smyth and loses puck.
19:35 of 2nd period - Daniel Briere is hit by Ruslan Salei and loses puck.

Period #3

0:01 of 3rd period - Shawn Horcoff wins face-off versus Doug Weight in neutral zone.
0:09 of 3rd period - Ryan Smyth is hit by Doug Weight and loses puck.
0:13 of 3rd period - Shot by Ryan Smyth.
0:13 of 3rd period - Stopped by Ryan Miller with a rebound.
0:23 of 3rd period - Minor Penalty to Teppo Numminen for Clipping.
0:24 of 3rd period - Tim Connolly wins face-off versus Jarret Stoll in Sabres zone.
3:46 of 3rd period - Icing by Rob Blake.
3:47 of 3rd period - Jarret Stoll wins face-off versus Derek Roy in Sabres zone.
3:48 of 3rd period - Shot by Keith Tkachuk.
3:48 of 3rd period - Stopped by Ryan Miller without a rebound.
3:49 of 3rd period - Daniel Briere wins face-off versus Marty Reasoner in Sabres zone.
4:18 of 3rd period - Shot by Maxim Afinogenov.
4:18 of 3rd period - Shot Misses the Net.
4:19 of 3rd period - Shot by Henrik Tallinder.
4:19 of 3rd period - Shot Misses the Net.
4:22 of 3rd period - Shot by Daniel Briere.
4:22 of 3rd period - Stopped by Dwayne Roloson with a rebound.
4:25 of 3rd period - Shot by Maxim Afinogenov.
4:25 of 3rd period - Shot Blocked by Daniel Tjarnqvist.
4:26 of 3rd period - Shot by Henrik Tallinder.
4:26 of 3rd period - Stopped by Dwayne Roloson without a rebound.
4:27 of 3rd period - Tim Connolly wins face-off versus Jarret Stoll in Oilers zone.
4:54 of 3rd period - Shot by Keith Tkachuk.
4:54 of 3rd period - Shot Blocked by Dmitri Kalinin.
4:59 of 3rd period - Shot by Brendan Witt.
4:59 of 3rd period - Shot Misses the Net.
5:00 of 3rd period - Shot by Brendan Witt.
5:00 of 3rd period - Shot Blocked by Tim Connolly.
5:01 of 3rd period - Shot by Brendan Witt.
5:01 of 3rd period - Stopped by Ryan Miller with a rebound.
5:04 of 3rd period - Shot by Keith Tkachuk.
5:04 of 3rd period - Shot Blocked by Tim Connolly.
5:18 of 3rd period - Icing by Ruslan Salei.
5:19 of 3rd period - Derek Roy wins face-off versus Shawn Horcoff in Oilers zone.
5:30 of 3rd period - Shot by Derek Roy.
5:30 of 3rd period - Shot Misses the Net.
5:35 of 3rd period - Shot by Ryan Smyth.
5:35 of 3rd period - Shot Blocked by Derek Roy.
5:40 of 3rd period - Shot by Shawn Horcoff.
5:40 of 3rd period - Shot Misses the Net.
5:41 of 3rd period - Shot by Fernando Pisani.
5:41 of 3rd period - Stopped by Ryan Miller without a rebound.
5:42 of 3rd period - Daniel Briere wins face-off versus Ethan Moreau in Sabres zone.
5:50 of 3rd period - Off-side.
5:51 of 3rd period - Mike Sillinger wins face-off versus Daniel Briere in neutral zone.
6:12 of 3rd period - Shot by Jochen Hecht.
6:12 of 3rd period - Shot Blocked by Steve Staios.
6:13 of 3rd period - Shot by Henrik Tallinder.
6:13 of 3rd period - Shot Blocked by Marty Reasoner.
6:16 of 3rd period - Shot by Maxim Afinogenov.
6:16 of 3rd period - Shot Blocked by Daniel Tjarnqvist.
6:17 of 3rd period - Shot by Henrik Tallinder.
6:17 of 3rd period - Shot Blocked by Daniel Tjarnqvist.
6:18 of 3rd period - Shot by Henrik Tallinder.
6:18 of 3rd period - Shot Misses the Net.
6:21 of 3rd period - Shot by Maxim Afinogenov.
6:21 of 3rd period - Shot Misses the Net.
6:22 of 3rd period - Shot by Daniel Briere.
6:22 of 3rd period - Shot Misses the Net.
6:41 of 3rd period - Shot by Derek Roy.
6:41 of 3rd period - Stopped by Dwayne Roloson with a rebound.
6:44 of 3rd period - Shot by Derek Roy.
6:44 of 3rd period - Shot Misses the Net.
6:45 of 3rd period - Shot by Milan Hejduk.
6:45 of 3rd period - Shot Misses the Net.
6:52 of 3rd period - Shot by Derek Roy.
6:52 of 3rd period - Stopped by Dwayne Roloson without a rebound.
6:53 of 3rd period - Doug Weight wins face-off versus Ales Hemsky in Oilers zone.
6:56 of 3rd period - Shot by Nathan Horton.
6:56 of 3rd period - Shot Misses the Net.
6:58 of 3rd period - Icing by Nicklas Lidstrom.
6:59 of 3rd period - Tim Connolly wins face-off versus Jarret Stoll in Oilers zone.
7:29 of 3rd period - Icing by Nicklas Lidstrom.
7:30 of 3rd period - Derek Roy wins face-off versus Keith Tkachuk in Oilers zone.
8:11 of 3rd period - Shot by Jason Pominville.
8:11 of 3rd period - Stopped by Dwayne Roloson without a rebound.
8:12 of 3rd period - Daniel Briere wins face-off versus Shawn Horcoff in Oilers zone.
8:36 of 3rd period - Minor Penalty to Steve Staios for Diving.
8:37 of 3rd period - Doug Weight wins face-off versus Ryan Johnson in Oilers zone.
9:04 of 3rd period - Shot by Thomas Vanek.
9:04 of 3rd period - Shot Misses the Net.
9:20 of 3rd period - Icing by Brian Campbell.
9:21 of 3rd period - Doug Weight wins face-off versus Fernando Pisani in Sabres zone.
9:23 of 3rd period - Icing by Jason Pominville.
9:24 of 3rd period - Doug Weight wins face-off versus Raffi Torres in Sabres zone.
11:06 of 3rd period - Maxim Afinogenov is hit by Ethan Moreau and loses puck.
11:08 of 3rd period - Shot by Derek Roy.
11:08 of 3rd period - Stopped by Dwayne Roloson without a rebound.
11:09 of 3rd period - Ethan Moreau wins face-off versus Tim Connolly in Oilers zone.
11:09 of 3rd period - Steve Staios is hit by Nathan Horton and loses puck.
11:36 of 3rd period - Nathan Horton is hit by Steve Staios and loses puck.
11:51 of 3rd period - Minor Penalty to Maxim Afinogenov for Tripping.
11:52 of 3rd period - Jarret Stoll wins face-off versus Tim Connolly in neutral zone.
12:09 of 3rd period - Shot by Ales Hemsky.
12:09 of 3rd period - Shot Misses the Net.
13:59 of 3rd period - Off-side.
14:00 of 3rd period - Ethan Moreau wins face-off versus Nathan Horton in neutral zone.
14:32 of 3rd period - Raffi Torres is hit by Rob Blake and loses puck.
15:01 of 3rd period - Daniel Briere is hit by Nicklas Lidstrom and loses puck.
16:41 of 3rd period - Shot by Tim Connolly.
16:41 of 3rd period - Stopped by Dwayne Roloson without a rebound.
16:42 of 3rd period - Daniel Briere wins face-off versus Marty Reasoner in Oilers zone.
17:05 of 3rd period - Shot by Jochen Hecht.
17:05 of 3rd period - Shot Blocked by Marty Reasoner.
17:10 of 3rd period - Shot by Maxim Afinogenov.
17:10 of 3rd period - Shot Blocked by Ethan Moreau.
17:39 of 3rd period - Shot by Tim Connolly.
17:39 of 3rd period - Shot Blocked by Steve Staios.
17:40 of 3rd period - Shot by John-Michael Liles.
17:40 of 3rd period - Shot Misses the Net.
17:43 of 3rd period - Shot by Doug Weight.
17:43 of 3rd period - Shot Blocked by Ethan Moreau.
17:44 of 3rd period - Shot by Chris Drury.
17:44 of 3rd period - Goal by Chris Drury - Sabres : 5 - Oilers : 2.
17:45 of 3rd period - Keith Tkachuk wins face-off versus Derek Roy in neutral zone.
18:41 of 3rd period - Icing by John-Michael Liles.
18:42 of 3rd period - Doug Weight wins face-off versus Shawn Horcoff in Sabres zone.
19:00 of 3rd period - Icing by Dick Tarnstrom.
19:01 of 3rd period - Daniel Briere wins face-off versus Shawn Horcoff in Oilers zone.
19:06 of 3rd period - Shot by Daniel Briere.
19:06 of 3rd period - Shot Misses the Net.
19:25 of 3rd period - Shot by Daniel Briere.
19:25 of 3rd period - Stopped by Dwayne Roloson with a rebound.
19:28 of 3rd period - Shot by Maxim Afinogenov.
19:28 of 3rd period - Stopped by Dwayne Roloson with a rebound.
19:31 of 3rd period - Shot by Maxim Afinogenov.
19:31 of 3rd period - Stopped by Dwayne Roloson without a rebound.
19:32 of 3rd period - Marty Reasoner wins face-off versus Derek Roy in Oilers zone.
19:34 of 3rd period - Icing by Mike Sillinger.
19:35 of 3rd period - Marty Reasoner wins face-off versus Derek Roy in Oilers zone.
19:46 of 3rd period - Shot by Milan Hejduk.
19:46 of 3rd period - Stopped by Dwayne Roloson without a rebound.
19:47 of 3rd period - Tim Connolly wins face-off versus Jarret Stoll in Oilers zone.
19:54 of 3rd period - Shot by Tim Connolly.
19:54 of 3rd period - Stopped by Dwayne Roloson without a rebound.
19:55 of 3rd period - Daniel Briere wins face-off versus Shawn Horcoff in Oilers zone.
19:57 of 3rd period - Jochen Hecht is hit by Shawn Horcoff and loses puck.


Output by the SimonT Hockey Simulator (STHS) for Stephane Roy -- Original Page W3C XHTML 1.0 Valid